 Dungeon Crawl Stone Soup version 0.17.1-3-g152610e (webtiles) character file.

3716 juanjsm the Nimble (level 9, -1/42 HPs)
             Began as a Spriggan Venom Mage on Apr 9, 2016.
             Was a Follower of Vehumet.
             Slain by an ice beast (12 damage)
             ... on level 9 of the Dungeon on Apr 10, 2016.
             The game lasted 01:33:53 (11095 turns).

juanjsm the Nimble (Spriggan Venom Mage)           Turns: 11095, Time: 01:33:53

Health: -1/42      AC: 10    Str:  4    XL:     9   Next: 91%
Magic:  13/23      EV: 25    Int: 20    God:    Vehumet [*.....]
Gold:   470        SH:  0    Dex: 16    Spells: 5 memorised, 12 levels left

rFire  . . .     SeeInvis +     m - +2 dagger (protect)
rCold  . . .     Clarity  .     D - +0 robe (curse)
rNeg   . . .     SustAt   .     (shield restricted)
rPois  .         Gourm    .     (helmet restricted)
rElec  .         Spirit   .     w - +2 cloak
rCorr  .         Warding  .     (gloves unavailable)
rMut   +         Stasis   .     (boots unavailable)
MR     ++...                    A - amulet of resist mutation
Stlth  +++++.....               (no ring)
                                o - ring of protection from magic

@: very quick, very resistant to hostile enchantments, quite stealthy
A: unfitting armour, see invisible, herbivore 3, speed 3, slow metabolism 2
a: Renounce Religion


You were on level 9 of the Dungeon.
You worshipped Vehumet.
Vehumet was aware of your devotion.
You were not hungry.

You visited 2 branches of the dungeon, and saw 10 of its levels.

You collected 470 gold pieces.

Inventory:

Hand Weapons
 m - a +2 dagger of protection (weapon)
Armour
 a - a +2 cloak
 w - a +2 cloak (worn)
 y - a +0 robe
 D - a cursed +0 robe (worn)
Jewellery
 o - a ring of protection from magic (left hand)
 A - an amulet of resist mutation (around neck)
 L - an uncursed amulet of warding
Wands
 g - a wand of disintegration (14)
 u - a wand of paralysis (10)
 E - a wand of cold (1)
 F - a wand of teleportation (0)
 H - a wand of magic darts (4)
Scrolls
 e - a scroll of recharging {unknown}
 j - 4 scrolls of magic mapping
 l - 3 scrolls of remove curse
 p - a scroll of enchant armour
Potions
 d - 2 potions of curing
 n - 2 potions of haste
 r - 2 potions of mutation
 t - 3 potions of lignification
 z - 2 potions of agility
Books
 b - a Young Poisoner's Handbook

   Spells                             Type                      Level
   a - Sting                          Conjuration/Poison           1
   b - Cure Poison                    Poison                       2
   c - Mephitic Cloud                 Conjuration/Poison/Air       3
   d - Olgreb's Toxic Radiance        Poison                       4
   e - Venom Bolt                     Conjuration/Poison           5
 I - a book of Burglary

   Spells                             Type                      Level
   a - Swiftness                      Charms/Air                   2
   b - Passwall                       Transmutation/Earth          3
   c - Passage of Golubria            Translocation                4
   d - Lee's Rapid Deconstruction     Earth                        5
   e - Darkness                       Hexes                        6
   f - Invisibility                   Hexes                        6
Comestibles
 c - 4 bread rations
 f - 4 fruits


   Skills:
 + Level 2.2 Fighting
 + Level 2.5 Short Blades
 + Level 10.3 Dodging
 * Level 8.5 Stealth
 * Level 9.8 Spellcasting
 + Level 3.7 Conjurations
 + Level 1.5 Air Magic
 + Level 5.5 Poison Magic
 + Level 1.6 Evocations


You had 12 spell levels left.
You knew the following spells:

 Your Spells              Type           Power        Failure   Level  Hunger
a - Sting                 Conj/Pois      ####         1%          1    None
b - Cure Poison           Pois           ####......   1%          2    None
c - Mephitic Cloud        Conj/Pois/Air  ###.....     6%          3    None
d - Olgreb's Toxic Radia  Pois           ####....     10%         4    ##.....
e - Venom Bolt            Conj/Pois      ####......   30%         5    #####..


Dungeon Overview and Level Annotations

Branches:
Dungeon (9/15)             Temple (1/1) D:5             Orc (0/4) D:9
   Lair: D:8-11

Altars:
Ashenzari
Cheibriados
Dithmenos
Elyvilon
Fedhas
Gozag
Kikubaaqudgha
Makhleb
Nemelex Xobeh
Okawaru
Qazlal
Ru
Sif Muna
Trog
Vehumet
Xom
Yredelemnul
Zin
The Shining One

Shops:
D:8 :

Annotations:
D:6 Galthrax's ghost, novice HuNe


Innate Abilities, Weirdness & Mutations

You are tiny and cannot use many weapons and most armour.
You have supernaturally acute eyesight.
You are a herbivore.
You cover ground extremely quickly.
You need consume almost no food.


Message History

The ice beast is moderately wounded.
The ice beast misses you.
You hit the ice beast but do no damage.
The ice beast is moderately wounded.
The ice beast barely misses you.
You hit the ice beast but do no damage.
The ice beast is moderately wounded.
The ice beast completely misses you.
You closely miss the ice beast.
The ice beast is moderately wounded.
The ice beast hits you. The ice beast freezes you!
You barely miss the ice beast.
The ice beast is moderately wounded.
The ice beast hits you but does no damage.
You completely miss the ice beast.
The ice beast is moderately wounded.
The ice beast hits you.
* * * LOW HITPOINT WARNING * * *
The ice beast freezes you!
You die...

#...#....# #...#....#
#...#....# #)..#....#
##########.#....####
#....#.###.##'#....#
#....#........#....# .....#
#....#........#....# .....#
#....'((@.(.((.....# .....#
#....#.Y...........#
.....####....#.............#
.....#..#....##...#.#......#
.....#..#######+...........#
.....#.......#....#.#.(....#
).......Y....#.............#
#####..≈###'####...........####
#..≈##...###..#.......##..##.


You could see an ice beast.

Vanquished Creatures
  A hill giant (D:9)
  Maurice (D:9)
  A wyvern (D:8)
  A wolf (D:9)
  A hippogriff (D:8)
  A warg (D:8)
  2 orc warriors (D:8)
  2 ice beasts
  2 sky beasts
  3 ogres
  3 centaurs
  3 giant frogs
  A scorpion (D:6)
  An electric eel (D:9)
  4 orc wizards
  2 giant frog skeletons
  3 crimson imps
  A jelly (D:5)
  A quasit (D:8)
  Ijyb (D:1)
  3 hounds
  A centaur skeleton (D:5)
  3 iguanas
  A gnoll shaman (D:8)
  7 worker ants
  3 hound skeletons
  12 adders
  A river rat (D:5)
  A killer bee simulacrum (D:9)
  9 gnolls
  2 shadow imps
  A worker ant simulacrum (D:9)
  An ufetubus (D:9)
  6 giant geckos
  18 orcs
  5 giant cockroaches
  9 goblins
  5 hobgoblins
  5 jackals
  5 kobolds
  3 quokkas
  2 ball pythons
  8 bats
  4 giant newts
  11 rats
161 creatures vanquished.

Vanquished Creatures (collateral kills)
  A rat (D:5)
1 creature vanquished.

Vanquished Creatures (others)
  A kobold (D:3)
1 creature vanquished.

Grand Total: 163 creatures vanquished

Notes
Turn   | Place    | Note
--------------------------------------------------------------
     0 | D:1      | juanjsm the Spriggan Venom Mage began the quest for the Orb.
     0 | D:1      | Reached XP level 1. HP: 9/9 MP: 5/5
   206 | D:1      | Reached XP level 2. HP: 13/13 MP: 6/6
   220 | D:1      | Learned a level 2 spell: Cure Poison
   892 | D:2      | Noticed Ijyb
   907 | D:1      | Reached XP level 3. HP: 16/16 MP: 4/8
   924 | D:1      | Killed Ijyb
   933 | D:1      | Learned a level 3 spell: Mephitic Cloud
  1019 | D:2      | Reached XP level 4. HP: 21/21 MP: 4/9
  1128 | D:2      | Reached skill level 5 in Poison Magic
  1732 | D:3      | Reached XP level 5. HP: 24/24 MP: 0/10
  1738 | D:3      | Learned a level 4 spell: Olgreb's Toxic Radiance
  1743 | D:3      | Found a shattered altar of Ashenzari.
  2239 | D:3      | Reached skill level 1 in Conjurations
  2411 | D:4      | Reached skill level 5 in Stealth
  2547 | D:4      | Reached XP level 6. HP: 28/28 MP: 8/13
  2693 | D:4      | Found an iron altar of Okawaru.
  2696 | D:4      | Found a shattered altar of Ashenzari.
  2710 | D:4      | Found a shadowy altar of Dithmenos.
  2713 | D:4      | Found a bloodstained altar of Trog.
  3190 | D:5      | Entered Level 5 of the Dungeon
  3327 | D:5      | Found a blossoming altar of Fedhas.
  3422 | D:5      | Reached skill level 5 in Dodging
  3435 | D:5      | Found a staircase to the Ecumenical Temple.
  3856 | D:5      | Reached skill level 1 in Short Blades
  3856 | D:5      | Reached skill level 5 in Spellcasting
  3856 | D:5      | Reached XP level 7. HP: 5/32 MP: 12/15
  3866 | D:5      | Learned a level 5 spell: Venom Bolt
  4482 | D:5      | Reached skill level 6 in Dodging
  5044 | D:6      | Noticed Galthrax's ghost (novice HuNe)
  5165 | D:6      | Found a white marble altar of Elyvilon.
  6067 | D:7      | Reached skill level 1 in Fighting
  6575 | D:8      | Reached skill level 7 in Dodging
  6575 | D:8      | Reached XP level 8. HP: 37/37 MP: 13/19
  7147 | D:5      | Reached skill level 8 in Spellcasting
  7152 | Temple   | Entered the Ecumenical Temple
  7376 | Temple   | Became a worshipper of Vehumet
  8318 | D:8      | Noticed a wyvern
  8326 | D:8      | Killed a wyvern
  8484 | D:8      | Reached skill level 1 in Air Magic
  8484 | D:8      | Reached XP level 9. HP: 38/41 MP: 15/22
  8620 | D:8      | Found Dueshi Bais's Book Emporium.
  8699 | D:8      | Reached * piety under Vehumet
  8699 | D:8      | Offered knowledge of Flame Tongue by Vehumet.
  8699 | D:8      | Reached skill level 9 in Dodging
  9291 | D:9      | Found a staircase to the Orcish Mines.
  9292 | D:9      | Noticed Maurice
 10381 | D:9      | Reached skill level 1 in Evocations
 10794 | D:9      | Noticed a hill giant
 11043 | D:9      | Killed a hill giant
 11043 | D:9      | Reached skill level 10 in Dodging
 11081 | D:9      | Killed Maurice
 11095 | D:9      | Slain by an ice beast

Action                   |  1- 3 |  4- 6 |  7- 9 || total
-------------------------+-------+-------+-------++-------
Melee: Unarmed           |    11 |       |       ||    11
       Short sword       |    40 |   112 |       ||   152
       Dagger            |     4 |    97 |   548 ||   649
 Cast: Sting             |    42 |    85 |   152 ||   279
       Cure Poison       |       |     4 |     5 ||     9
       Olgreb's Toxic Ra |       |     1 |     1 ||     2
       Mephitic Cloud    |       |       |    38 ||    38
Evoke: Wand              |       |       |    12 ||    12
  Use: Potion            |       |     1 |     8 ||     9
       Scroll            |       |       |    19 ||    19
 Stab: Sleeping          |     5 |    10 |    13 ||    28
       Confused          |       |       |    13 ||    13
       Distracted        |       |       |     2 ||     2
  Eat: Fruit             |       |     1 |     2 ||     3
       Bread ration      |       |       |     1 ||     1
       Pizza             |       |       |     1 ||     1
